 Dungeon Crawl Stone Soup version 0.27-a0-287-gd4424db430 (webtiles) character file.

Game seed: 4837185191323517988

394 tilp the Cutter (level 6, -7/32 HPs)
             Began as a Vine Stalker Brigand on Feb 8, 2021.
             Killed by divine providence
             ... invoked by an orc priest
              (12 damage)
             ... on level 4 of the Dungeon.
             The game lasted 00:05:43 (3818 turns).

tilp the Cutter (Vine Stalker Brigand)              Turns: 3818, Time: 00:05:44

Health: -7/32      AC:  9    Str: 16    XL:     6   Next: 82%
Magic:  0/7        EV:  6    Int: 11    God:
Gold:   182        SH:  3    Dex: 15    Spells: 5/5 levels left

rFire    . . .     SeeInvis .   a - +2 dagger
rCold    + . .     Faith    .   p - +0 buckler
rNeg     . . .     Spirit   +   v - +0 chain mail
rPois    .         Reflect  .   (no helmet)
rElec    .         Harm     .   c - +0 cloak
rCorr    .         Rampage  .   (no gloves)
Will     .....                  (no boots)
Stlth    ..........             (no amulet)
HPRegen  0.50/turn              n - ring of protection from cold
MPRegen  0.10/turn              (no ring)

@: no status effects
A: fangs 2, regeneration 1, magic shield, antimagic bite, no potion heal 3
a: no special abilities


You were on level 4 of the Dungeon.
You visited 1 branch of the dungeon, and saw 4 of its levels.

You collected 182 gold pieces.

Inventory:

Hand Weapons
 a - a +2 dagger (weapon)
Missiles
 d - 20 poisoned darts
 e - a curare-tipped dart (quivered)
 g - 5 boomerangs
Armour
 c - a +0 cloak (worn)
 k - a +0 scale mail
 p - a +0 buckler (worn)
 v - a +0 chain mail (worn)
Jewellery
 n - a ring of protection from cold (left hand)
Scrolls
 b - 3 scrolls of remove curse
 f - a scroll of magic mapping
 i - a scroll of teleportation
 m - a scroll of fog {unknown}
 o - a scroll of noise {unknown}
 r - a scroll of blinking {unknown}
 t - 2 scrolls of amnesia
 u - a scroll of enchant weapon {unknown}
Potions
 h - a potion of lignification
 j - 3 potions of curing
 l - 4 potions of attraction
 q - a potion of brilliance {unknown}
 s - 3 potions of flight
 w - a potion of degeneration {unknown}


   Skills:
 + Level 3.6 Fighting
 + Level 5.1 Short Blades
 - Level 1.7 Throwing
 - Level 2.0 Dodging
 - Level 4.8 Stealth


You had 5 spell levels left.
You didn't know any spells.
Your spell library was empty.

Dungeon Overview and Level Annotations

Branches:
Dungeon (4/15)
 Temple: D:4-7

Altars:
Yredelemnul

Annotations:
D:3 3 runed translucent doors, trm's ghost, amateur DsCj


Innate Abilities, Weirdness & Mutations

You have extremely sharp teeth.
Your natural rate of healing is unusually fast.
When hurt, damage is shared between your health and your magic reserves.
Your bite disrupts and absorbs the magic of your enemies.
Potions cannot restore your health.


Message History

* * * LOW HITPOINT WARNING * * *
You hit the kobold brigand but do no damage.
Your bite misses the kobold brigand.
The kobold brigand is severely wounded.
You block the kobold brigand's attack.
You miss the kobold brigand. Your bite misses the kobold brigand.
The kobold brigand is severely wounded.
You barely miss the kobold brigand. Your bite misses the kobold brigand.
The kobold brigand is severely wounded.
The kobold brigand hits you with a +0 club.
* * * LOW HITPOINT WARNING * * *
You hit the kobold brigand but do no damage.
You bite the kobold brigand, but do no damage.
The kobold brigand is severely wounded.
The kobold brigand barely misses you.
You hit the kobold brigand.
The kobold brigand is almost dead.
The orc priest invokes the aid of Beogh against you.
Beogh smites you!
You die...

.# #KK.. ... ♣K.♣# ....
##♣(K.# #
.....#..♣####..# #
#.............# #.
#...##KKK##...# #..####
.... #†oK# # #...... .#o
###K# #..... # #@#
########. #.# ##.## #.
#.#####.#######.#.#####.
#...(.........###.>....
#.#############.#.#.####
#....######.##.###
#.##....)÷...>...#
#.#########.##.#.# #.#
#.##.#.#


You could see a kobold brigand, an orc priest and 4 kobolds.

Vanquished Creatures
  An ogre (D:4)
  A scorpion (D:3)
  A howler monkey (D:4)
  An orc wizard (D:3)
  2 gnolls (D:4)
  7 adders
  2 oozes
  4 worms
  4 dart slugs
  3 leopard geckos
  4 orcs (D:3)
  5 bats
  A giant cockroach (D:1)
  10 goblins
  8 hobgoblins
  10 jackals
  12 kobolds
  2 frilled lizards (D:3)
  8 rats
86 creatures vanquished.

Vanquished Creatures (others)
  A kobold (D:4)
  46 plants (D:4)
47 creatures vanquished.

Grand Total: 133 creatures vanquished

Notes
Turn   | Place    | Note
-------+----------+-------------------------------------------
     0 | D:1      | tilp the Vine Stalker Brigand began the quest for the Orb.
     0 | D:1      | Reached XP level 1. HP: 11/11 MP: 2/2
    42 | D:1      | Reached skill level 2 in Short Blades
   150 | D:1      | Reached XP level 2. HP: 15/15 MP: 3/3
   666 | D:1      | Reached skill level 3 in Short Blades
   666 | D:1      | Reached XP level 3. HP: 15/18 MP: 4/4
   710 | D:1      | You fall into a shaft and drop 1 floor!
  1637 | D:2      | Gained mutation: Your natural rate of healing is unusually
                  | fast. [Vine Stalker growth]
  1637 | D:2      | Reached XP level 4. HP: 23/23 MP: 5/5
  2102 | D:2      | Found a basalt altar of Yredelemnul.
  2181 | D:2      | Reached skill level 4 in Short Blades
  2508 | D:3      | Reached skill level 1 in Dodging
  2597 | D:3      | Noticed trm's ghost (amateur DsCj)
  2629 | D:3      | Found a runed translucent gate.
  2629 | D:3      | Found a runed translucent gate.
  2629 | D:3      | Found a runed translucent gate.
  2660 | D:3      | Reached XP level 5. HP: 16/27 MP: 3/6
  3250 | D:4      | Noticed an ogre
  3336 | D:4      | Reached XP level 6. HP: 29/32 MP: 5/7
  3399 | D:3      | Reached skill level 5 in Short Blades
  3818 | D:4      | Killed from afar by an orc priest

Illustrated notes

Levels and vault maps discovered:
D:1:      dpeg_arrival_subterranean_lakeside_camping, layout_basic
D:2:      layout_basic, lemuel_coloured_pillars_altar
D:3:      layout_basic, gammafunk_ghost_icy
D:4:      kennysheep_kobold_camp, layout_loops_ring

Skill      XL: |  1  2  3  4  5  6 |
---------------+-------------------+-----
Fighting       | 2 3 |  3.6
Short Blades   | 2 3 4 5 |  5.1
Dodging        | 1 2 |  2.0
Throwing       | |  1.7
Stealth        | |  4.8

Action                   |  1- 3 |  4- 6 || total
-------------------------+-------+-------++-------
Melee: Dagger            |    95 |   225 ||   320
       Bite              |    25 |    66 ||    91
Throw: Dart              |       |    10 ||    10
  Use: Scroll            |     4 |     5 ||     9
 Stab: Sleeping          |     4 |     2 ||     6
Armor: Robe              |    16 |       ||    16
       Scale mail        |    11 |    43 ||    54
       Chain mail        |       |    62 ||    62
Dodge: Dodged            |    39 |    70 ||   109
Block: Buckler           |       |    30 ||    30

Table legend: (Time is in decaauts)
 A = Elapsed time spent in this place.
 B = Non-inter-level travel time spent in this place.
 C = Inter-level travel time spent in this place.
 D = Time resting spent in this place.
 E = Time spent auto-exploring this place.
 F = Levels seen in this place.
 G = Mean time per level.
                   A        B        C        D        E       F      G
               +--------+--------+--------+--------+--------+-----+--------+
         Total |   3780 |   3572 |    208 |    723 |   2147 |   4 |  945.0 |
       Dungeon |   3780 |   3572 |    208 |    723 |   2147 |   4 |  945.0 |
               +--------+--------+--------+--------+--------+-----+--------+

Top non-repeatable levels by time:
     D:1: 1333 daAuts
     D:2: 1143 daAuts
     D:3: 1089 daAuts
     D:4: 214 daAuts
